 Dungeon Crawl Stone Soup version 0.28-a0-821-g923ab73998 (webtiles) character file.

Game seed: 11769323008236255950

242 BinkBink the Sneak (level 5, 0/26 HPs)
             Began as a Spriggan Enchanter on Nov 9, 2021.
             Slain by an orc warrior (12 damage)
             ... on level 4 of the Dungeon.
             The game lasted 00:09:34 (4815 turns).

BinkBink the Sneak (Spriggan Enchanter)             Turns: 4815, Time: 00:09:34

Health: 0/26       AC:  2    Str:  4    XL:     5   Next: 81%
Magic:  11/11      EV: 17    Int: 18    God:
Gold:   137        SH:  0    Dex: 15    Spells: 9/11 levels left

rFire   . . .      SeeInvis +   i - +3 dagger
rCold   . . .      Faith    .   (shield restricted)
rNeg    . . .      Spirit   .   b - +0 robe
rPois   .          Reflect  .   (helmet restricted)
rElec   .          Harm     .   (no cloak)
rCorr   .          Rampage  .   (gloves unavailable)
Will    .....                   (boots unavailable)
Stlth   +++.......              (no amulet)
HPRegen 0.08/turn               (no ring)
MPRegen 0.12/turn               (no ring)

@: very quick
A: very small, no large weapons, unfitting armour, see invisible, speed 3
a: no special abilities


You were on level 4 of the Dungeon.
You visited 1 branch of the dungeon, and saw 4 of its levels.

You collected 137 gold pieces.

Inventory:

Hand Weapons
 a - a +1 dagger
 i - a +3 dagger (weapon)
Armour
 b - a +0 robe (worn)
Scrolls
 e - 2 scrolls of fear {unknown}
 f - a scroll of acquirement {unknown}
 k - a scroll of amnesia {unknown}
 l - a scroll of teleportation {unknown}
 m - a scroll of noise {unknown}
 o - a scroll of enchant armour {unknown}
 q - a scroll of torment {unknown}
 r - a scroll of silence {unknown}
 s - 3 scrolls of enchant weapon {unknown}
Potions
 c - a potion of invisibility
 d - a potion of brilliance {unknown}
 g - 2 potions of cancellation {unknown}
 h - a potion of berserk rage {unknown}
 j - a potion of haste {unknown}
 n - a potion of curing {unknown}
 p - 2 potions of heal wounds {unknown}
 t - a potion of degeneration {unknown}
 u - a potion of attraction {unknown}
 v - a potion of magic {unknown}


   Skills:
 * Level 2.1 Fighting
 + Level 2.2 Short Blades
 + Level 2.9 Dodging
 + Level 6.7 Stealth
 + Level 3.6 Spellcasting
 + Level 4.2 Hexes
 + Level 1.1 Ice Magic


You had 9 spell levels left.
You knew the following spells:

 Your Spells              Type           Power      Damage    Failure   Level
a - Ensorcelled Hibernat  Hex/Ice        24%        N/A       8%          2

Your spell library contained the following spells:

 Spells                   Type           Power      Damage    Failure   Level
 Confusing Touch          Hex            18%        N/A       9%          3
 Tukima's Dance           Hex            18%        N/A       9%          3
 Dazzling Flash           Conj/Hex       20%        N/A       19%         3


Dungeon Overview and Level Annotations

Branches:
Dungeon (4/15)
 Temple: D:4-7

Altars:
Wu Jian

Shops:
D:4 [


Innate Abilities, Weirdness & Mutations

You are very small and have problems with some larger weapons.
You are too small for most types of armour.
You have supernaturally acute eyesight. (SInv)
You cover ground extremely quickly. (Speed+++)


Message History

HP restored.
Done exploring.
You climb downwards.
The phantom completely misses you. The phantom hits you!
The phantom blinks!
You blink.
You closely miss the phantom. You hit the phantom.
The phantom is lightly damaged.
The phantom closely misses you.
You hit the phantom but do no damage.
The phantom is lightly damaged.
The phantom hits you.
The phantom blinks!
You blink.
There is a stone staircase leading up, spattered with blood here.
You climb upwards.
There is a stone staircase leading down here.
There is an open door here.
You see here 22 stones.
There is an escape hatch in the floor here.
HP restored.
Done exploring.
You slide downwards.
The hatch slams shut behind you.
Found a leather armour.
An orc wizard comes into view. It is wielding a +0 dagger.
An orc warrior comes into view. It is wielding a +0 mace.
An orc and an orc priest come into view.
The orc warrior shouts!
An orc comes into view. It is wielding a +0 short sword.
The orc shouts!
The orc priest shouts!
You hear a shout!
The orc wizard shouts!
Casting: Ensorcelled Hibernation (safe; 8% risk of failure)
Confirm with . or Enter, or press ? or * to list all spells.
Aiming: Ensorcelled Hibernation (safe; 8% risk of failure)
Press: ? - help, Shift-Dir - straight line, f - orc warrior
Aim: an orc warrior, wielding a +0 mace and wearing a +0 plate armour (wandering, hasn't noticed you, chance to affect: 43%)
Okay, then.
The orc priest calls down the wrath of Beogh upon you.
Beogh smites you!
Ouch! That really hurt!
The orc priest casts a cantrip, but nothing happens.
The orc warrior hits you with a +0 mace!
You die...

#....#.##...##................
#.##.#.###.....................#
#.##.#.......#....(###..........
#.##.....#.........###..........
#.######.#.#.#..................
#......................#####....
#####..........>................
#.##.#...#..##.#.o.o........
#.#........@##.o..........o.
#.#.........o.oo............
#........<..#...............
#.....#.........###.........
#.................#.........
#.........#.................
#.........#.......#.........
#.................#.........
###...........................


You could see an orc warrior, an orc priest and an orc wizard.

Vanquished Creatures
  Sigmund (D:3)
  2 adders (D:2)
  3 dart slugs
  An orc (D:4)
  2 endoplasms
  4 giant cockroaches
  6 goblins
  6 hobgoblins
  4 jackals (D:1)
  5 quokkas
  7 ball pythons
  3 bats
  3 frilled lizards
  13 kobolds
  3 rats
63 creatures vanquished.

Vanquished Creatures (others)
  3 plants (D:3)
3 creatures vanquished.

Grand Total: 66 creatures vanquished

Notes
Turn   | Place    | Note
-------+----------+-------------------------------------------
     0 | D:1      | BinkBink the Spriggan Enchanter began the quest for the
                  | Orb.
     0 | D:1      | Reached XP level 1. HP: 9/9 MP: 5/5
   122 | D:1      | Reached XP level 2. HP: 14/14 MP: 6/6
   197 | D:1      | Found a faded altar of an unknown god.
   547 | D:1      | Reached skill level 5 in Stealth
   551 | D:1      | Reached skill level 1 in Fighting
  1471 | D:1      | Learned a level 2 spell: Ensorcelled Hibernation
  1627 | D:1      | Reached XP level 3. HP: 18/18 MP: 5/8
  2835 | D:2      | Reached XP level 4. HP: 21/22 MP: 0/9
  3155 | D:3      | Found an ornate altar of the Wu Jian Council.
  3246 | D:3      | Noticed Sigmund
  3255 | D:3      | Killed Sigmund
  3256 | D:3      | Reached skill level 6 in Stealth
  3256 | D:3      | Reached skill level 1 in Ice Magic
  3256 | D:3      | Reached XP level 5. HP: 26/26 MP: 5/11
  4311 | D:4      | Noticed a phantom
  4313 | D:4      | Found Misi's Armour Boutique.
  4785 | D:4      | Noticed an orc warrior
  4815 | D:4      | Slain by an orc warrior

Illustrated notes

Levels and vault maps discovered:
D:1:      elethiomel_arrival_shortcut, layout_loops_ring,
          ebering_ecumenical_altar_hall, supply_closet_lemuel
D:2:      layout_loops_ring
D:3:      layout_basic, old_standard_altar, serial_bayou_lake_a, uniq_sigmund
D:4:      layout_basic, serial_shops, shop

Skill      XL: |  1  2  3  4 |
---------------+-------------+-----
Stealth        | 5 6 |  6.7
Fighting       | 1 2 |  2.1
Spellcasting   | 3 |  3.6
Short Blades   | 2 |  2.2
Hexes          | 4 |  4.2
Ice Magic      | 1 |  1.1
Dodging        | |  2.9

Action                   |  1- 3 |  4- 6 || total
-------------------------+-------+-------++-------
Melee: Dagger            |   118 |    40 ||   158
 Cast: Ensorcelled Hiber |    28 |    24 ||    52
 Stab: Sleeping          |    30 |    17 ||    47
Armor: Robe              |    12 |     4 ||    16
Dodge: Dodged            |    76 |    15 ||    91

Table legend: (Time is in decaauts)
 A = Elapsed time spent in this place.
 B = Non-inter-level travel time spent in this place.
 C = Inter-level travel time spent in this place.
 D = Time resting spent in this place.
 E = Time spent auto-exploring this place.
 F = Levels seen in this place.
 G = Mean time per level.
                   A        B        C        D        E       F      G
               +--------+--------+--------+--------+--------+-----+--------+
         Total |   3895 |   3771 |    124 |    100 |   3025 |   4 |  973.8 |
       Dungeon |   3895 |   3771 |    124 |    100 |   3025 |   4 |  973.8 |
               +--------+--------+--------+--------+--------+-----+--------+

Top non-repeatable levels by time:
     D:1: 1534 daAuts
     D:3: 1221 daAuts
     D:2: 760 daAuts
     D:4: 379 daAuts
